 Dungeon Sprint DCSS version 0.30.1-9-gdf580d7c3d (webtiles) character file.

Game seed: 13216384739497303439

1691 Heoruswealwe the Impaler (level 8, -12/83 HPs)
             Began as a Minotaur Fighter on Oct 5, 2023.
             Was an Initiate of Gozag.
             Mangled by a skeletal warrior
             ... wielding a +0 halberd
              (20 damage)
             ... in the Dungeon (Sprint IX: "|||||||||||||||||||||||||||||").
             The game lasted 00:04:04 (397 turns).

Heoruswealwe the Impaler (Minotaur Fighter)          Turns: 397, Time: 00:04:04

Health: -12/83     AC: 13    Str: 27    XL:     8   Next: 72%
Magic:  7/7        EV: 10    Int:  5    God:    Gozag
Gold:   504        SH:  0    Dex:  9    Spells: 7/7 levels left

rFire   . . .        b - +2 halberd (venom)
rCold   . . .        (shield currently unavailable)
rNeg    . . .        c - +1 scale mail
rPois   .            (helmet restricted)
rElec   .            h - +0 cloak
rCorr   .            f - +0 pair of gloves
SInv    .            (no boots)
Will    .....        (no amulet) Stlth
                     k - +3 ring of strength
HPRegen 0.33/turn    (no ring)
MPRegen 0.10/turn

%: no teleportation
@: gold aura
A: horns 2, retaliatory headbutt
a: Renounce Religion, Potion Petition, Call Merchant, Bribe Branch


You were in the Dungeon.
You worshipped Gozag.
Gozag was pleased with you.
You visited 1 branch You collected 504 gold pieces.

Inventory:

Hand Weapons
 a - a +0 trident
 b - a +2 halberd of venom (weapon)
Armour
 c - a +1 scale mail (worn)
 d - a +0 buckler
 f - a +0 pair of gloves (worn)
 h - a +0 cloak (worn)
Jewellery
 k - a +3 ring of strength (left hand)
Wands
 m - a wand of quicksilver (10)
Scrolls
 j - a scroll of blinking
Potions
 e - 2 potions of curing
 g - a potion of haste
 i - a potion of berserk rage
 n - a potion of might


   Skills:
 + Level 12.3 Fighting
 * Level 16.4 Polearms
 + Level 12.3 Armour
 - Level 3.6 Shields


You had 7 spell levels left.
You didn't know any spells.
Your spell library was empty.

Dungeon Overview and Level Annotations

Branches:
Dungeon (1/1)

Altars:
Cheibriados
Dithmenos
Elyvilon
Fedhas
Gozag
Hepliaklqana
Kikubaaqudgha
Makhleb
Nemelex Xobeh
Okawaru
Qazlal
Ru
Sif Muna
Trog
Uskayaw
Vehumet
Wu Jian
Xom
Yredelemnul
Zin
The Shining One
Jiyva
Lugonu


Innate Abilities, Weirdness & Mutations

You have a pair of horns on your head.
You reflexively headbutt those who attack you in melee.


Message History

The deep elf pyromancer looks as sick as possible!
The deep elf pyromancer is severely wounded.
The deep elf pyromancer casts a spell.
You puncture the deep elf pyromancer!
You kill the deep elf pyromancer!
The fire elemental disappears in a puff of smoke!
Your Fighting skill increases to level 12!
Your Polearms skill increases to level 16!
Your Armour skill increases to level 12!
Unknown command.
You feel better.
You closely miss the troll.
The troll is moderately wounded.
The troll barely misses you. The troll claws you.
The troll claws you but does no damage.
The skeletal warrior hits you from afar with a +0 halberd!
* * * LOW HITPOINT WARNING * * *
You slice the troll!! Your headbutt misses the troll.
The troll is almost dead.
The troll closely misses you. The troll claws you but does no damage.
The troll barely misses you.
The skeletal warrior hits you from afar with a +0 halberd.
* * * LOW HITPOINT WARNING * * *
You hit the troll but do no damage.
The troll is poisoned.
Your headbutt misses the troll.
The troll is almost dead.
The troll bites you.
* * * LOW HITPOINT WARNING * * *
The troll claws you but does no damage. The troll claws you.
* * * LOW HITPOINT WARNING * * *
The skeletal warrior hits you from afar with a +0 halberd.
* * * LOW HITPOINT WARNING * * *
You hit the troll but do no damage.
The troll looks even sicker.
The troll is severely wounded.
You impale the troll!!
You kill the troll!
The vampire mosquito is distracted by your dazzling golden aura.
The skeletal warrior hits you from afar with a +0 halberd!!
You die...
Your body crumbles into a pile of gold. ▓▓▓▓▓▓▓▓▓▓▓▓▓▓▓▓▓▓▓▓▓▓▓▓▓▓ ....c.yz$@..)'...[=.)?!'__ ▓▓▓▓▓▓▓▓▓▓▓▓▓▓▓▓▓▓▓▓▓▓▓▓▓▓ $ $ $$$$$ $ $ $ $$$$$ $

You could see a skeletal warrior, a centaur warrior and a vampire mosquito (unaware).

Vanquished Creatures
  A two-headed ogre (D)
  A deep elf pyromancer (D)
  A kobold demonologist (D)
  A troll (D)
  A vampire (D)
  An ice beast (D)
  A centaur (D)
  A scorpion (D)
  A gnoll (D)
  2 orcs (D)
  An endoplasm (D)
  A giant cockroach (D)
  A hobgoblin (D)
  A bat (D)
  A frilled lizard (D)
16 creatures vanquished.

Vanquished Creatures (others)
  An unseen horror (D)
  An orc wizard (D)
2 creatures vanquished.

Grand Total: 18 creatures vanquished

Notes
Turn   | Place    | Note
-------+----------+-------------------------------------------
     0 | D        | Heoruswealwe the Minotaur Fighter began the quest for the
                  | Orb.
     0 | D        | Reached XP level 1. HP: 19/19 MP: 0/0
     6 | D        | Reached skill level 3 in Polearms
    20 | D        | Noticed a scorpion
    20 | D        | Noticed an ice beast
    24 | D        | Reached skill level 4 in Polearms
    29 | D        | Reached XP level 2. HP: 28/28 MP: 1/1
    44 | D        | Killed an ice beast
    45 | D        | Reached skill level 8 in Polearms
    45 | D        | Reached XP level 3. HP: 18/38 MP: 2/2
    45 | D        | Reached XP level 4. HP: 21/45 MP: 3/3
    47 | D        | Killed a scorpion
    48 | D        | Reached skill level 9 in Polearms
    48 | D        | Reached XP level 5. HP: 22/52 MP: 4/4
    54 | D        | Found a snail-covered altar of Cheibriados.
    54 | D        | Found a shadowy altar of Dithmenos.
    54 | D        | Found a white marble altar of Elyvilon.
    54 | D        | Found a blossoming altar of Fedhas.
    54 | D        | Found an opulent altar of Gozag.
    55 | D        | Found a hazy altar of Hepliaklqana.
    56 | D        | Found a viscous altar of Jiyva.
    57 | D        | Found an ancient bone altar of Kikubaaqudgha.
    58 | D        | Found a corrupted altar of Lugonu.
    59 | D        | Found a burning altar of Makhleb.
    60 | D        | Found a sparkling altar of Nemelex Xobeh.
    61 | D        | Found an iron altar of Okawaru.
    62 | D        | Became a worshipper of Gozag Ym Sagoz the Greedy
    63 | D        | Found a stormy altar of Qazlal.
    64 | D        | Found a sacrificial altar of Ru.
    65 | D        | Found a shimmering blue altar of Sif Muna.
    66 | D        | Found a bloodstained altar of Trog.
    67 | D        | Found a hide-covered altar of Uskayaw.
    68 | D        | Found a radiant altar of Vehumet.
    69 | D        | Found an ornate altar of the Wu Jian Council.
    70 | D        | Found a shimmering altar of Xom.
    71 | D        | Found a basalt altar of Yredelemnul.
    72 | D        | Found a glowing silver altar of Zin.
    73 | D        | Found a glowing golden altar of the Shining One.
   155 | D        | Noticed a vampire
   155 | D        | Noticed a two-headed ogre
   155 | D        | Noticed a kobold demonologist
   155 | D        | Noticed a centaur
   164 | D        | Killed an unseen horror
   165 | D        | Noticed a smoke demon
   170 | D        | Noticed a hellwing
   172 | D        | Killed a centaur
   173 | D        | Reached skill level 10 in Polearms
   173 | D        | Reached XP level 6. HP: 37/62 MP: 5/5
   190 | D        | HP: 3/62 [hellwing[a kobold demonologist] (6)]
   196 | D        | Killed a kobold demonologist
   197 | D        | Reached skill level 12 in Polearms
   197 | D        | Reached XP level 7. HP: 33/71 MP: 6/6
   199 | D        | Killed a two-headed ogre
   200 | D        | Reached skill level 15 in Polearms
   200 | D        | Reached XP level 8. HP: 39/82 MP: 7/7
   381 | D        | Noticed a centaur warrior
   381 | D        | Noticed a deep elf pyromancer
   381 | D        | Noticed a skeletal warrior
   381 | D        | Noticed a troll
   391 | D        | Killed a deep elf pyromancer
   392 | D        | Reached skill level 16 in Polearms
   397 | D        | Killed a troll
   397 | D        | Mangled by a skeletal warrior

Illustrated notes

Levels and vault maps discovered:
D:        linesprint [early_d, line_temple, items_1, d_10, items_2, lair_1,
          lair_end, items_3, orc_1, orc_end, items_4, d_15, swamp_1, shoals_1,
          snake_1, spider_1, d_20, vaults_1, items_5, swamp_end, shoals_end,
          snake_end, spider_end, vaults_end, d_27, items_6, zot_1, zot_end,
          crypt_end, forest_end, elf_end, slime_end, tomb_end, abyss_end,
          pan_hell_end]

Skill      XL: |  1  2  3  4  5  6  7  8 |
---------------+-------------------------+-----
Polearms       | 4 8 9 10 12 15 16 | 16.4
Fighting       | 4 6 7 8 9 11 12 | 12.3
Armour         | 4 6 7 8 9 11 12 | 12.3
Shields        | |  3.6

Action                     |  1- 3 |  4- 6 |  7- 9 || total
---------------------------+-------+-------+-------++-------
  Melee: Trident           |    33 |     3 |       ||    36
         Headbutt          |     6 |    10 |     3 ||    19
         Halberd           |       |    37 |    21 ||    58
    Use: Potion            |       |     3 |     3 ||     6
         Scroll            |       |       |     1 ||     1
 Armour: Scale mail        |    15 |    31 |     6 ||    52
  Dodge: Dodged            |    13 |    19 |    11 ||    43
  Block: Buckler           |     2 |       |       ||     2
